Unix NetHack Version 3.7.0-71 Work-in-progress - last build Jan 31 2023 02:41:03 (7ba98a1283f2b7cec35fde026edb48fc825ab8ae,branch:master). Game began 2023-02-11 01:58:15, ended 2023-02-11 02:53:05. Gandelf, neutral male human Monk -------- |.0..|.--- ----------|....0...| |.......|.|..-.0.-.| |.......|......-00.| |.......|...|....-.| |...<...|-.--.-....| |.......|..........| |.......|...|...--.| |.......|---|.-%...| |+-----------....--- |fu@c........>...| ------------------ Gandelf the Initiate St:18/03 Dx:11 Co:11 In:10 Wi:14 Ch:11 Neutral S:2347 Dlvl:3 $:205 HP:0(40) Pw:29(29) AC:2 Xp:6/473 T:3897 Latest messages: You climb up the stairs. With great effort you move the boulder. You try to move the boulder, but in vain. With great effort you move the boulder. The boulder falls into and plugs a hole in the floor! With great effort you move the boulder. With great effort you move the boulder. With great effort you move the boulder. You try to move the boulder, but in vain. With great effort you move the boulder. You try to move the boulder, but in vain. You try to move the boulder, but in vain. You try to move the boulder, but in vain. The boulder falls into and plugs a hole in the floor! You descend the stairs. You see here a food ration. You see here a lembas wafer. J - a lembas wafer (2 in total). You swap places with your kitten. You hit the rope golem! The rope golem hits! The rope golem misses! You hit the rope golem! The rope golem misses! The rope golem hits! You hit the rope golem! The rope golem hits! The rope golem hits! You destroy the rope golem! You swap places with your kitten. You swap places with your pony. The pony picks up a food ration. The pony drops a food ration. The pony picks up a food ration. The pony drops a food ration. There is a staircase up to level 3 here. You see here a food ration. You climb up the stairs. You stop searching. You swap places with your kitten. You swap places with your pony. The chickatrice bites! The chickatrice touches you! You hit the chickatrice! You turn to stone... Do you want your possessions identified? [ynq] (y) y Do you want to see your attributes? [ynq] (y) y Do you want an account of creatures vanquished? [ynaq] (y) y Do you want to see your conduct and achievements? [ynq] (y) y Do you want to see the dungeon overview? [ynq] (y) y Inventory: Coins $ - 205 gold pieces Weapons u - a +0 dagger (at the ready) Armor B - an uncursed +0 dwarvish iron helm (being worn) a - an uncursed +2 pair of leather gloves C - an uncursed +1 pair of iron shoes (being worn) b - an uncursed +1 robe (being worn) Comestibles g - 5 uncursed apples S - an uncursed clove of garlic f - an uncursed food ration Z - 2 uncursed food rations i - 2 uncursed fortune cookies J - 2 uncursed lembas wafers h - 4 uncursed oranges y - an uncursed egg Scrolls R - an uncursed scroll of confuse monster A - 2 uncursed scrolls of create monster o - an uncursed scroll of destroy armor q - 2 uncursed scrolls of earth L - an uncursed scroll of identify w - an uncursed scroll of light d - an uncursed scroll of magic mapping m - an uncursed scroll of magic mapping j - an uncursed scroll of punishment G - an uncursed scroll of teleportation Spellbooks c - a blessed spellbook of healing Potions v - an uncursed potion of enlightenment x - an uncursed potion of restore ability M - an uncursed potion of sickness N - an uncursed potion of speed H - an uncursed diluted potion of speed e - 3 uncursed potions of water p - 2 uncursed potions of water Rings E - a cursed ring of aggravate monster l - an uncursed ring of cold resistance I - a cursed ring of levitation s - an uncursed ring of searching Q - an uncursed ring of shock resistance O - an uncursed ring of stealth Wands P - a wand of death (0:6) z - a wand of probing (0:4) Y - a wand of striking (0:7) Tools F - an uncursed mirror k - an uncursed skeleton key Gems/Stones D - 2 uncursed worthless pieces of violet glass t - an uncursed worthless piece of white glass Gandelf the Monk's attributes: Background: You were an Initiate, a level 6 male human Monk. You were neutral, on a mission for Chih Sung-tzu who was opposed by Shan Lai Ching (lawful) and Huan Ti (chaotic). You were in Sokoban, on level 3. You entered the dungeon 3897 turns ago. It was nighttime. You had 473 experience points, 167 more were needed to attain level 7. Your score was 2347 before end-of-game adjustments. Basics: You had 0 out of 40 hit points. You had all 29 energy points (spell power). Your armor class was 2. Your wallet contained 205 zorkmids. Autopickup was on for '$?!+/=' plus thrown. Final Characteristics: Your strength was 18/03 (limit:18/100). Your dexterity was 11 (limit:18). Your constitution was 11 (limit:18). Your intelligence was 10 (limit:18). Your wisdom was 14 (limit:18). Your charisma was 11 (limit:18). Final Status: You were not hungry. You were unencumbered. You were bare handed. You had basic skill with martial arts. Final Attributes: You were piously aligned. You were sleep resistant. You were poison resistant. You saw invisible. You were telepathic. You were stealthy. You were guarded. You were fast. You are dead. Miscellaneous: You never encountered a bones level. Total elapsed playing time was 54 minutes and 40 seconds. Major events: Turn 1: Gandelf the neutral male human Monk entered the dungeon 526: attained the rank of Novice (level 3) 2281: entered Sokoban 2508: completed 1st Sokoban level 3103: attained the rank of Initiate (level 6) 3264: completed 2nd Sokoban level 3800: completed 3rd Sokoban level 3897: petrified by a chickatrice Vanquished creatures: 2 small mimics a rope golem an imp 2 water nymphs a rock piercer 3 rock moles a fog cloud a yellow light a violet fungus a straw golem 3 giant ants 4 floating eyes 4 dwarves a homunculus 2 rothes 2 giant bats a monkey a dwarf zombie a wererat a werejackal 2 iguanas an acid blob a gas spore 2 hobbits a hobgoblin a giant rat 3 cave spiders a brown mold 2 yellow molds 2 green molds 2 garter snakes 5 geckos 3 jackals a kobold a bat 3 lichens 2 newts 67 creatures vanquished. No species were genocided or became extinct. Voluntary challenges: You never hit with a wielded weapon. You were illiterate. You never engraved Elbereth. You never genocided any monsters. You never polymorphed an object. You never changed form. You used no wishes. You did not violate any of the special Sokoban rules. Achievements: You attained the rank of Novice. You entered a shop. You entered Sokoban. You attained the rank of Initiate. The Dungeons of Doom: levels 1 to 6 Level 1: Level 2: Level 3: Level 4: A grave. Level 5: Many fountains. Oracle of Delphi. Level 6: A general store. Stairs up to Sokoban, level 5. Sokoban: levels 5 up to 3 Level 3: <- You were here. Solved. Final resting place for you, petrified by a chickatrice. Level 4: Solved. Level 5: Solved. Game over: ---------- / \ / REST \ / IN \ / PEACE \ / \ | Gandelf | | 205 Au | | petrified by a | | chickatrice | | | | | | 2023 | *| * * * | * _________)/\\_//(\/(/\)/\//\/|_)_______ Goodbye Gandelf the Monk... You turned to stone in Sokoban on dungeon level 3 with 2327 points, and 205 pieces of gold, after 3897 moves. You were level 6 with a maximum of 40 hit points when you turned to stone.